 Dungeon Crawl Stone Soup version 0.31-a0-180-g519b7de00c (webtiles) character file.

Game seed: 7323143514739072795

219 CowFu the Skirmisher (level 6, 0/35 HPs)
             Began as a Kobold Hunter on June 20, 2023.
             Killed by divine providence
             ... invoked by an orc priest
              (14 damage)
             ... on level 4 of the Dungeon.
             The game lasted 00:02:10 (2417 turns).

CowFu the Skirmisher (Kobold Hunter)                Turns: 2417, Time: 00:02:10

Health: 0/35       AC:  4    Str:  9    XL:     6   Next: 18%
Magic:  6/6        EV: 14    Int: 10    God:
Gold:   130        SH:  0    Dex: 20    Spells: 5/5 levels left

rFire   . . .        a - +0 shortbow
rCold   . . .        (shield currently unavailable)
rNeg    . . .        c - +0 leather armour
rPois   .            (no helmet)
rElec   .            (no cloak)
rCorr   .            h - +0 pair of gloves
SInv    .            (no boots)
Will    .....        (no amulet)
Stlth   +++          (no ring)
HPRegen 0.25/turn    (no ring)
MPRegen 0.10/turn

%: no passive effects
@: no status effects
A: small, no large weapons, nightstalker 3
a: no special abilities


You were on level 4 of the Dungeon.
You visited 1 branch of the dungeon, and saw 4 of its levels.

You collected 152 gold pieces.
You spent 22 gold pieces at shops.

Inventory:

Hand Weapons
 a - a +0 shortbow (weapon)
 b - a +0 dagger
Armour
 c - a +0 leather armour (worn)
 h - a +0 pair of gloves (worn)
Jewellery
 i - an amulet of guardian spirit
 t - the ring of Abri {rF+ rN+ Will+}
   (You found it on level 4 of the Dungeon)

   [ring of willpower]

   rF:        It protects you from fire.
   rN:        It protects you from negative energy.
   Will:      It increases your willpower.
Wands
 l - a wand of flame (24)
 q - a wand of roots (6)
Scrolls
 d - 4 scrolls of noise {unknown}
 f - a scroll of brand weapon {unknown}
 g - a scroll of enchant weapon {unknown}
 j - 2 scrolls of revelation {unknown}
 k - a scroll of blinking {unknown}
 m - 3 scrolls of identify
 n - a scroll of butterflies
 o - a scroll of amnesia {unknown}
 p - a scroll of teleportation {unknown}
 s - a scroll of enchant armour {unknown}
Potions
 e - 2 potions of heal wounds
 r - a potion of attraction


   Skills:
 - Level 2.1 Fighting
 + Level 9.2 Ranged Weapons
 - Level 2.4 Dodging
 - Level 1.3 Stealth


You had 5 spell levels left.
You didn't know any spells.
Your spell library contained the following spells:

 Spells                   Type           Power      Damage    Failure   Level
 Blink                    Tloc           0%         N/A       63%         2
 Lesser Beckoning         Tloc           0%         N/A       63%         2
 Momentum Strike          Conj/Tloc      0%         3d8       63%         2


Dungeon Overview and Level Annotations

Branches:
Dungeon (4/15)
 Temple: D:4-7

Altars:
Wu Jian

Shops:
D:3 ?


Innate Abilities, Weirdness & Mutations

You are small and have problems with some larger weapons.
You are completely attuned to the shadows.


Message History

An orc comes into view.
It is wielding a +0 club and wearing a +1 scale mail of fire resistance.
You shoot an arrow. The arrow completely misses the orc.
The orc shouts!
You hear an angry hiss.
No target in view!
No target in view!
No target in view!
An orc priest comes into view. It is wielding a +0 whip.
You shoot an arrow. The orc priest shouts!
The arrow hits the orc priest.
The orc priest is moderately wounded.
The orc priest calls down the wrath of Beogh upon you.
Beogh smites you!
An orc comes into view.
It is wielding a +0 short sword and quivering poisoned darts.
The orc shouts!
There are monsters nearby!
You shoot an arrow. The arrow hits the orc.
The orc is lightly wounded.
There are monsters nearby!
There are monsters nearby!
You shoot an arrow. The arrow hits the orc!
You kill the orc!
You hear an angry hiss.
An iguana comes into view.
You shoot an arrow. The arrow hits the orc priest.
The orc priest is moderately wounded.
You shoot an arrow. The arrow barely misses the orc priest.
The orc priest barely misses you. The iguana closely misses you.
You shoot an arrow.
The arrow closely misses the orc priest.
You shoot an arrow. The arrow barely misses the orc priest.
The iguana bites you! The orc priest misses you.
You are too injured to fight recklessly!
You are too injured to fight recklessly!
You are too injured to fight recklessly!
The orc priest attacks as you move away!
The orc priest barely misses you.
The orc priest mumbles some strange prayers to Beogh against you.
Beogh smites you!
You die...

.......#
.###.#.#
##..#.#
#...#.#
#..#.#..#
#.##.##.##
..........#
##.##.##.#
...#.#@##
#)o.##
##l## ..o#
.##.# #.#


You could see an iguana, an orc priest and an orc.

Vanquished Creatures
  An orc priest (D:3)
  Natasha (D:4)
  An orc wizard (D:3)
  5 adders
  5 dart slugs
  2 worms (D:3)
  4 orcs
  4 bats (D:1)
  7 endoplasms
  2 giant cockroaches (D:1)
  6 goblins
  8 hobgoblins
  4 jackals (D:3)
  A quokka (D:3)
  11 ball pythons
  5 frilled lizards
  6 kobolds
  7 rats
80 creatures vanquished.

Notes
Turn   | Place    | Note
-------+----------+-------------------------------------------
     0 | D:1      | CowFu the Kobold Hunter began the quest for the Orb.
     0 | D:1      | Reached XP level 1. HP: 12/12 MP: 1/1
    41 | D:1      | Reached XP level 2. HP: 17/17 MP: 2/2
    47 | D:1      | Reached skill level 6 in Ranged Weapons
   174 | D:1      | Reached XP level 3. HP: 21/21 MP: 3/3
   302 | D:1      | Found a transporter.
  1029 | D:2      | Found an ornate altar of the Wu Jian Council.
  1176 | D:2      | Reached skill level 7 in Ranged Weapons
  1176 | D:2      | Reached XP level 4. HP: 26/26 MP: 4/4
  1311 | D:2      | Found a faded altar of an unknown god.
  1687 | D:3      | Reached XP level 5. HP: 30/30 MP: 5/5
  1780 | D:3      | Reached skill level 8 in Ranged Weapons
  2098 | D:3      | Found Foisoig's Magic Scroll Shop.
  2102 | D:3      | Reached XP level 6. HP: 35/35 MP: 6/6
  2104 | D:3      | Bought a scroll of identify for 22 gold pieces
  2234 | D:3      | Reached skill level 9 in Ranged Weapons
  2399 | D:4      | Identified the ring of Abri {rF+ rN+ Will+}
  2401 | D:4      | Noticed Natasha
  2404 | D:4      | Killed Natasha
  2417 | D:4      | Killed from afar by an orc priest

Illustrated notes

Levels and vault maps discovered:
D:1:      spicycebolla_arrival_transporter_tutorial, layout_loops_ring
D:2:      layout_basic, basic_altar, shapermc_ecumenical_altar_notcrosses
D:3:      layout_loops_ring, serial_shops, shop
D:4:      layout_loops_cross, gammafunk_temple_overflow_elements, uniq_natasha,
          uniq_robin

Skill      XL: |  1  2  3  4  5  6 |
---------------+-------------------+-----
Ranged Weapons | 6 7 8 9 |  9.2
Fighting       | |  2.1
Dodging        | |  2.4
Stealth        | |  1.3

Action                     |  1- 3 |  4- 6 || total
---------------------------+-------+-------++-------
   Fire: Shortbow          |    91 |   102 ||   193
    Use: Scroll            |       |     2 ||     2
 Armour: Leather armour    |    10 |     2 ||    12
  Dodge: Dodged            |    21 |    28 ||    49

Table legend: (Time is in decaauts)
 A = Elapsed time spent in this place.
 B = Non-inter-level travel time spent in this place.
 C = Inter-level travel time spent in this place.
 D = Time resting spent in this place.
 E = Time spent auto-exploring this place.
 F = Levels seen in this place.
 G = Mean time per level.
                   A        B        C        D        E       F      G
               +--------+--------+--------+--------+--------+-----+--------+
         Total |   2439 |   2369 |     70 |      0 |   1986 |   4 |  609.8 |
       Dungeon |   2439 |   2369 |     70 |      0 |   1986 |   4 |  609.8 |
               +--------+--------+--------+--------+--------+-----+--------+

Top non-repeatable levels by time:
     D:1: 1041 daAuts
     D:3: 717 daAuts
     D:2: 625 daAuts
     D:4: 54 daAuts
